 Dungeon Crawl Stone Soup version bcrawl-1.41.1 (webtiles) character file.

Game seed: 10922862996499212916

13106085 Artagas the Warrior (level 26, 212/212 HPs)
             Began as a Demigod Monk on Apr 21, 2024.
             Escaped with the Orb
             ... and 3 runes on Apr 23, 2024!
             The game lasted 03:49:42 (74745 turns).

Artagas the Warrior (Demigod Monk)                 Turns: 74745, Time: 03:49:43

Health: 212/212    AC: 32    Str: 39    XL:     26   Next: 80%
Magic:  43/43      EV: 24    Int: 18    God:    Demigod [*****.]
Gold:   537        SH: 17    Dex: 20    Spells: 9/47 levels left

rFire    . . .     GDR:     41% a - +9 broad axe (flame)
rCold    . . .     SeeInvis +   i - +0 medium shield
rNeg     + . .     Gourm    .   S - +3 pearl dragon scales
rPois    .         Faith    .   A - +2 helmet {SInv}
rElec    +         Spirit   +   J - +2 cloak {MR+}
rCorr    +         Reflect  .   r - +2 pair of gloves "Juhel" {rCorr Str+7 Dex-3}
MR       +++..                  D - +0 pair of boots
Stlth    +.........             G - amulet of guardian spirit
HPRegen  0.45/turn              p - ring of Brilliance {rElec Slay+3}
MPRegen  0.28/turn              b - ring "Faass" {EV+5 Str+5 Dex+6}

@: no status effects
A: clumsy 1, frail 1, high mp 1
0: Orb of Zot
}: 3/15 runes: decaying, serpentine, slimy
a: Temporal Distortion, Growth, Major Destruction, Heroism, Divine Shield


You escaped.
You worshipped Demigod.
Demigod was extremely pleased with you.
You were not hungry.

You visited 11 branches of the dungeon, and saw 47 of its levels.
You also visited: Sewer.

You collected 6749 gold pieces.
You spent 6212 gold pieces at shops.

Inventory:

Hand Weapons
 a - a +9 broad axe of flaming (weapon)
   (You took it off an orc warrior on level 6 of the Dungeon)
Missiles
 B - 25 poisoned tomahawks (quivered)
 N - 7 throwing nets {=f}
 U - 7 steel javelins
Armour
 i - a +0 medium shield (worn)
   (You took it off a gnoll sergeant on level 8 of the Dungeon)
 r - the +2 pair of gloves "Juhel" (worn) {rCorr Str+7 Dex-3}
   (You found it on level 3 of the Depths)

   It affects your strength (+7).
   It affects your dexterity (-3).
   It provides partial protection from all sources of acid and corrosion.
 A - a +2 helmet of see invisible (worn)
   (You bought it in a shop on level 4 of the Dungeon)
 D - a +0 pair of boots (worn)
   (You found it on level 10 of the Dungeon)
 J - a +2 cloak of magic resistance (worn)
   (You acquired it on level 3 of the Depths)
 S - +3 pearl dragon scales (worn)
   (You found it on level 3 of the Spriggan Forest)
Jewellery
 b - the ring "Faass" (right hand) {EV+5 Str+5 Dex+6}
   (You bought it in a shop on level 2 of the Snake Pit)

   [ring of evasion]

   It affects your evasion (+5).
   It affects your strength (+5).
   It affects your dexterity (+6).
 c - an uncursed ring of protection from cold
   (You took it off a deep elf high priest on level 3 of the Depths)
 f - an uncursed ring of protection from fire
   (You bought it in a shop on level 2 of the Vaults)
 m - an uncursed ring of protection from magic
   (You found it on level 4 of the Lair of Beasts)
 o - an uncursed ring of poison resistance
   (You found it on level 9 of the Dungeon)
 p - the ring of Brilliance (left hand) {rElec Slay+3}
   (You found it on level 3 of the Snake Pit)

   [ring of insulation]

   It affects your accuracy and damage with ranged weapons and melee attacks
   (+3).
   It insulates you from electricity.
 x - the ring "Tedaetom" {Fire MR+ Dex-5 SInv}
   (You took it off a frost giant on level 3 of the Depths)

   [ring of fire]

   It enhances your fire magic.
   It affects your dexterity (-5).
   It protects you from fire.
   It makes you vulnerable to cold.
   It affects your resistance to hostile enchantments.
   It lets you see invisible.
 E - the ring "Huaczofe" {*Drain rElec MP+9 Int+4}
   (You found it on level 5 of the Pits of Slime)

   [ring of magical power]

   It affects your intelligence (+4).
   It insulates you from electricity.
   It affects your magic capacity (+9).
   It causes draining when unequipped.
 G - an amulet of guardian spirit (around neck)
Wands
 u - a wand of scattershot (21)
   (You found it on level 4 of the Lair of Beasts)
 v - a wand of digging (20)
   (You took it off Frances on level 11 of the Dungeon)
 F - a wand of charming (23)
   (You found it on level 11 of the Dungeon)
 H - a wand of acid (26)
   (You took it off Erica on level 8 of the Dungeon)
 I - a wand of iceblast (28)
   (You found it on level 8 of the Dungeon)
 M - a wand of paralysis (55)
   (You found it on level 8 of the Dungeon)
 R - a wand of clouds (5)
   (You took it off Nikola on level 2 of the Depths)
Scrolls
 g - 5 scrolls of fear
 k - 18 scrolls of teleportation
 n - 9 scrolls of fog
 z - 4 scrolls of blinking
 O - 3 scrolls of noise
 P - 2 scrolls of summoning
 Z - 3 scrolls of revelation
Potions
 d - a potion of might
 j - 6 potions of brilliance
 l - 2 potions of cancellation
 q - 6 potions of curing
 s - 2 potions of agility
 w - 4 potions of heal wounds
 K - 3 potions of invisibility
 L - 8 potions of mutation
 Q - 4 potions of lignification
 V - 3 potions of berserk rage
 W - 2 potions of magic
 X - 3 potions of ambrosia
 Y - 5 potions of flight
Miscellaneous
 t - 4 boxes of beasts
 y - a phial of floods
   (You found it on level 3 of the Spriggan Forest)
 C - 3 phantom mirrors
 T - a lamp of fire
   (You found it on level 2 of the Lair of Beasts)
Comestibles
 e - 20 rations {!d}


   Skills:
 - Level 19.3 Fighting
 - Level 13.4(14.0) Axes
   Level 6.8(11.1) Maces & Flails
 - Level 8.0 Throwing
 - Level 15.4 Armour
 - Level 12.6 Dodging
 - Level 2.0 Stealth
 - Level 16.4 Shields
 - Level 11.0 Spellcasting
 - Level 17.0 Hexes
 - Level 6.0 Charms
 - Level 6.0 Necromancy
 - Level 6.0 Transmutations
 - Level 6.0 Earth Magic
 - Level 16.0 Invocations
 + Level 15.8 Evocations


You had 9 spell levels left.
You knew the following spells:

 Your Spells              Type           Power        Failure   Level  Hunger
a - Invisibility          Hex            ######..     6%          6    #####..
b - Spectral Weapon       Hex/Chrm       ######..     1%          3    None
c - Cause Fear            Hex            ######....   1%          4    None
d - Yara's Violent Unrav  Hex/Tmut       ######....   3%          4    None
e - Regeneration          Chrm/Necr      ####......   11%         3    None
f - Confuse               Hex            ######..     1%          3    None
g - Darkness              Hex            ######....   6%          6    #####..
h - Tukima's Dance        Hex            ######..     1%          3    None
i - Tree Form             Hex/Tmut       N/A          3%          4    None
j - Passwall              Tmut/Erth      ####....     5%          2    None

Your spell library contained the following spells:

 Spells                   Type           Power        Failure   Level  Hunger
 Corona                   Hex            ######.      1%          1    None
 Slow                     Hex            ######..     1%          1    None
 Ensorcelled Hibernation  Hex/Ice        #####.       1%          2    None
 Shackle                  Hex            ######..     1%          2    None
 Beastly Appendage        Tmut           ####..       3%          1    None
 Infusion                 Chrm           ####....     3%          1    None
 Sandblast                Erth           ####..       3%          1    None
 Dazzling Orbs            Conj/Hex       #####..      3%          3    None
 False Image              Hex/Summ       #####...     3%          3    None
 Inner Flame              Hex/Fire       N/A          3%          3    None
 Corpse Rot               Necr           N/A          5%          2    None
 Song of Slaying          Chrm           ####....     5%          2    None
 Sticks to Snakes         Tmut           ####....     5%          2    None
 Fulminant Prism          Conj/Hex       #####.....   12%         4    None
 Flaming Arrows           Chrm/Fire      ###.....     19%         2    None
 Swiftness                Chrm/Air       ###.....     19%         2    None
 Throw Frost              Conj/Ice       #.....       24%         2    None
 Discord                  Hex            ######....   32%         7    ######.
 Ozocubu's Armour         Chrm/Ice       ###.....     34%         3    None
 Spider Form              Tmut/Pois      ###          34%         3    None
 Stone Arrow              Conj/Erth      ###...       34%         3    None
 Petrify                  Tmut/Erth      ####......   34%         4    None
 Metabolic Englaciation   Hex/Ice        #####.....   34%         5    ###....
 Summon Mana Viper        Hex/Summ       #####...     34%         5    ###....
 Flame Tongue             Conj/Fire      #....        38%         1    None
 Freeze                   Ice            #.....       38%         1    None
 Magic Dart               Conj           #...         38%         1    None
 Static Discharge         Air            #.....       38%         1    None
 Poisonous Vapours        Pois/Air       #.....       52%         2    None
 Searing Ray              Conj           #.......     52%         2    None
 Blade Hands              Tmut           ####......   67%         5    ###....
 Lee's Rapid Deconstruct  Erth           ####......   67%         5    ###....
 Piercing Shot            Chrm           ####......   67%         5    ###....
 Ice Form                 Ice/Tmut       ###.....     75%         4    None
 Call Canine Familiar     Summ           #.......     77%         3    None
 Conjure Flame            Conj/Fire      #.......     77%         3    None
 Iskenderun's Mystic Bla  Conj           #.......     77%         3    None
 Mephitic Cloud           Conj/Pois/Air  #.......     77%         3    None
 Infestation              Hex/Tmut/Pois  #####....    95%         6    #####..
 Irradiate                Conj/Tmut      ###.......   97%         5    ###....
 Iskenderun's Battlesphe  Conj/Chrm      ###.....     97%         5    ###....
 Steam Barrier            Chrm/Fire      ###.......   97%         5    ###....
 Lightning Bolt           Conj/Air       #.......     99%         4    None
 Sticky Flame             Conj/Fire      #.......     99%         4    None
 Summon Ice Beast         Ice/Summ       #.......     99%         4    None
 Throw Icicle             Conj/Ice       #.......     99%         4    None
 Bolt of Magma            Conj/Fire/Erth ###.......   99%         5    ###....
 Statue Form              Tmut/Erth      ####.....    99%         6    #####..
 Fireball                 Conj/Fire      #.........   100%        5    ###....
 Freezing Cloud           Ice/Air        #.......     100%        5    ###....
 Summon Forest            Summ/Tloc      #.........   100%        5    ###....
 Summon Lightning Spire   Summ/Air       #.......     100%        5    ###....
 Bolt of Cold             Conj/Ice       #.........   100%        6    #####..
 Bolt of Fire             Conj/Fire      #.........   100%        6    #####..
 Conjure Ball Lightning   Conj/Air       #.........   100%        6    #####..
 Iron Shot                Conj/Erth      ###.......   100%        6    #####..
 Ozocubu's Refrigeration  Ice            #.........   100%        6    #####..
 Poison Arrow             Conj/Pois      #.........   100%        6    #####..
 Simulacrum               Ice/Necr       ###.....     100%        6    #####..
 Summon Hydra             Summ           #.........   100%        6    #####..
 Mana Rupture             Conj/Hex       #####.....   100%        7    ######.
 Monstrous Menagerie      Summ           #.........   100%        7    ######.
 Scorpion Form            Tmut/Pois      ###.......   100%        7    ######.
 Chain Lightning          Conj/Air       #.........   100%        8    #######
 Ignition                 Hex/Fire       #####.....   100%        8    #######
 Time Stop                Chrm/Tloc      N/A          100%        8    #######
 Shatter                  Erth           ####......   100%        9    #######
 Passage of Golubria      Tloc           Unusable     N/A         5    N/A

Dungeon Overview and Level Annotations

Branches:
Dungeon (12/12)            Temple (0/1) D:4            Lair (6/6) D:9
  Swamp (3/3) Lair:4        Snake (3/3) Lair:3        Slime (5/5) Orc
    Orc (1/1) D:10         Vaults (2/3) D:11         Forest (3/3) Lair:5
  Crypt (2/2) Vaults:2       Tomb (0/3) Crypt:2      Depths (5/5) D:12
    Zot (5/5) Depths:5

Shops:
D:4 *   Orc ([%=:   Snake:2 =}}   Vaults:1 (   Vaults:2 (=}(   Depths:5 [

Portals:
Hell: Depths:1 Depths:2 Depths:3 Depths:4 Depths:5
Abyss: Swamp:3 Depths:1 Depths:3 Depths:4
Pandemonium: Depths:3 Depths:5
Ziggurat: Depths:2

Annotations:
D:9 Joseph
Lair:6 2 runed doors
Zot:4 Xtahua


Innate Abilities, Weirdness & Mutations

You have an increased reservoir of magic. (+10% MP)
You are clumsy. (Dex -2)
You are frail. (-10% HP)


Message History

You begin to meditate on the wall.
You continue meditating on the barrier. x4
You finish merging with the rock.
You climb upwards.
There is a stone staircase leading down here.
Evoke which item? (* to show all) (? for menu, Esc to quit)
Aiming: Dig
Press: ? - help, Shift-Dir - straight line This square is covered in magical glow.
The rock shatters into small pieces.
A soul eater comes into view.
You closely miss the soul eater. You block the soul eater's attack.
You chop the soul eater into pieces!!! You burn the soul eater!
The soul eater is almost dead.
You slice the soul eater!! You burn the soul eater.
You kill the soul eater!
Your kill strengthens your divinity.
Your magical contamination has completely faded away.
Evoke which item? (* to show all) (? for menu, Esc to quit)
Aiming: Dig
Press: ? - help, Shift-Dir - straight line This square is covered in magical glow.
The rock shatters into small pieces.
An Orb Guardian comes into view.
The Orb Guardian hits you but does no damage.
You block the Orb Guardian's attack.
You miss the Orb Guardian. You block the Orb Guardian's attack.
You slice the Orb Guardian!! You burn the Orb Guardian!
The Orb Guardian is heavily wounded.
The Orb Guardian hits you!! You block the Orb Guardian's attack.
You closely miss the Orb Guardian.
The Orb Guardian is heavily wounded.
The Orb Guardian misses you.
You hit the Orb Guardian but do no damage.
The Orb Guardian is heavily wounded.
The Orb Guardian hits you!!
You hit the Orb Guardian.
The Orb Guardian is heavily wounded.
The Orb Guardian gazes at you. You resist. The bolt of lightning hits you!
You block the Orb Guardian's attack.
You cut the Orb Guardian into ribbons!!!
You burn the Orb Guardian!
You kill the Orb Guardian!
Your kill strengthens your divinity.
Casting: Passwall (safe; 5% risk of failure)
Confirm with . or Enter, or press ? or * to list all spells.
Your skin crawls.
Your skin is crawling a little less now.
There is a stone staircase leading up here.
You climb upwards.
Your skin stops crawling.
There is a stone staircase leading down here.
Evoke which item? (* to show all) (? for menu, Esc to quit)
Aiming: Dig
Press: ? - help, Shift-Dir - straight line This square is covered in magical glow.
The rock shatters into small pieces.
Evoke which item? (* to show all) (? for menu, Esc to quit)
Aiming: Dig
Press: ? - help, Shift-Dir - straight line This square is covered in magical glow.
The rock shatters into small pieces.
Evoke which item? (* to show all) (? for menu, Esc to quit)
Evoke which item? (* to show all) (? for menu, Esc to quit)
That's the wrong kind of item! (Use * to select it.) Evoke which item? (* to show all) (? for menu, Esc to quit)
Aiming: Dig
Press: ? - help, Shift-Dir - straight line, f - you Please select a direction to dig.
This square is covered in magical glow.
Okay, then.
A green death comes into view.
The green death closely misses you. The green death gestures at you.
The blast of poison misses you.
You are engulfed in poison gas.
You are poisoned.
You feel sick. The green death gestures at you.
You are more poisoned.
The poison arrow hits you!
You feel very sick.
There is a stone staircase leading up here.
You feel sick. The green death gestures at you.
You feel yourself grow more vulnerable to poison.
You climb upwards.
You feel very sick.
There is a stone staircase leading down here.
You feel better.
Evoke which item? (* to show all) (? for menu, Esc to quit)
Aiming: Dig
Press: ? - help, Shift-Dir - straight line This square is covered in magical glow.
The rock shatters into small pieces.
You feel less vulnerable to poison.
There is a staircase leading out of the dungeon here.
You start resting.
HP restored.
You have escaped!

#..#...##.#...#........#.#.#
#..##..##..#...#.#....#..#.#
#..##..##...#...#....#...###
#.......#....#.#.#..#....#
#####...#.....#...##.....#
####..##....#.#...#.....#
#......#...#...#...#....#
#......#..#...#.#...#.#.###
#........#...#.@.#...#....#
#......#....#.....#.#.#.#.##
##......#...#)#..)..#...##..#
#.......#......#...#.#...##.#
#.......#.....#.#.##.....##.#####
#.###.#.#....#...#..#....##...(..
........#...#...#....#...########
#.##)##.#..#...#......#..# #
#....)..#.#............#.# #


There were no monsters in sight!

Vanquished Creatures
  the Royal Jelly (Slime:5)
  3 orbs of fire (Zot:5)
  7 ancient liches (Zot:5)
  4 Killer Klowns
  the Enchantress (Forest:3)
  Boris (Depths:4)
  4 golden dragons
  6 caustic shrikes
  A curse toe (Zot:5)
  5 rockslimes
  Nikola (Depths:2)
  3 electric golems (Zot:5)
  Frances (D:11)
  4 tentacled monstrosities
  28 Orb Guardians
  5 liches
  12 wendigos
  2 titans
  2 quicksilver dragons (Zot:5)
  3 death cobs
  A sphinx (Depths:2)
  16 acid blobs
  An ancient champion (Vaults:2)
  Kirke (D:12)
  8 thorn hunters
  4 shadow dragons
  3 ghouls (Crypt:1)
  6 nagarajas (Snake:3)
  2 revenants
  12 storm dragons
  The ghost of Lazarus1551 the Eclecticist, an adept OnVM (Swamp:2)
  An apis (Forest:2)
  Donald (Crypt:1)
  2 tengu reavers
  2 deep elf sorcerers
  14 azure jellies
  2 war gargoyles (Vaults:2)
  The ghost of tronn the Covert, an adept OpAc of Ashenzari (Depths:1)
  An azure jelly (shapeshifter) (Depths:3)
  13 fire giants
  A balrug (Depths:1)
  10 frost giants
  3 draconian monks
  3 ghost moths
  6 draconian knights
  A draconian shifter (Zot:4)
  4 vault wardens (Vaults:1)
  A curse skull (Crypt:1)
  2 spriggan defenders (Depths:2)
  A draconian stormcaller (Zot:4)
  21 stone giants
  12 ironheart preservers
  A draconian annihilator (Zot:4)
  3 draconian scorchers
  An emperor scorpion (shapeshifter) (Depths:4)
  An eye of devastation (Depths:3)
  3 elemental wellsprings
  21 very ugly things
  7 jiangshi
  19 vampire knights
  7 yellow draconians
  5 black draconians
  A deep elf annihilator (Vaults:2)
  6 dire elephants
  8 green draconians
  5 spark wasps
  An entropy weaver (Vaults:2)
  8 white draconians
  12 red draconians
  9 purple draconians
  11 ettins
  A quicksilver dragon zombie (Crypt:2)
  4 deep elf death magi
  Snorg (D:10)
  3 eidola
  A mummy priest (Crypt:2)
  Urug (Lair:3)
  12 yaktaur captains
  A deep elf high priest (Depths:3)
  A merfolk impaler (Depths:5)
  12 fire dragons
  13 ice dragons
  Fannar (Lair:2)
  2 quicksilver dragon skeletons
  Erica (D:8)
  Harold (D:8)
  9 spriggan air magi
  6 naga warriors
  11 vault guards
  19 hydras
  9 rakshasas
  A hydra (shapeshifter) (Depths:5)
  11 ogre magi
  11 shambling mangroves
  15 great orbs of eyes
  26 two-headed ogres
  2 ghost crabs (Swamp:2)
  An ancient automaton (Slime:1)
  12 alligators
  5 deep troll shamans
  8 satyrs
  A death knight (Crypt:1)
  2 dancing weapons
  9 death oozes (Slime:5)
  17 anacondas
  4 deep troll earth magi
  An ironheart beastmaster (Vaults:2)
  3 tengu warriors (Vaults:1)
  5 vampire magi
  14 death yaks
  A titan zombie (Crypt:2)
  8 shock serpents
  4 soul eaters
  23 spriggans
  6 spriggan berserkers
  An orc high priest (Orc)
  16 deep trolls
  2 sun demons (Depths:1)
  20 naga sharpshooters
  18 centaur warriors
  A storm dragon zombie (Crypt:2)
  An iron troll (Depths:5)
  A deep elf knight (Vaults:2)
  A death drake (Swamp:1)
  3 salamander mystics (Snake:3)
  29 skeletal warriors (Crypt:2)
  9 wizards
  4 hell knights (Depths:4)
  6 spriggan druids
  7 swamp dragons
  An anaconda zombie (Crypt:2)
  4 unseen horrors
  5 glowing orange brains
  A flayed ghost (Vaults:2)
  2 wolf spider zombies
  4 naga ritualists
  15 phantasmal warriors
  An anaconda skeleton (Crypt:1)
  3 lindwurms (Snake:3)
  3 deep elf archers
  A wolf spider (Forest:3)
  11 cyclopes
  An orange crystal statue (Depths:2)
  9 ironheart convokers
  14 mana vipers
  8 necromancers
  5 oklob plants
  16 naga magi
  2 orc knights (Orc)
  5 deep elf magi
  13 fauns
  3 shining eyes
  A fire giant zombie (Crypt:2)
  An iron dragon zombie (Crypt:2)
  35 ugly things
  5 salamanders
  A manticore (D:11)
  A frost giant zombie (Crypt:2)
  8 moths of wrath
  5 guardian serpents (Snake:3)
  An elephant (shapeshifter) (Depths:4)
  9 will-o'-wisps
  A sea snake zombie (Crypt:1)
  A fire giant skeleton (Depths:3)
  6 water nymphs
  A water nymph (shapeshifter) (Depths:4)
  5 elephants (Lair:5)
  A frost giant skeleton (Depths:3)
  23 black mambas
  2 orange demons
  11 cane toads
  2 merfolk sirens
  5 vault sentinels
  2 gargoyles
  A hellion (Zot:5)
  A red draconian zombie (Crypt:2)
  33 yaktaurs
  2 efreet
  2 tengu conjurers
  A jumping spider (D:11)
  2 dryads
  A freezing wraith (Crypt:1)
  A rime drake (shapeshifter) (Depths:4)
  9 rime drakes
  2 demonic crawlers
  4 flying skulls (Crypt:1)
  An eye of draining (D:10)
  An ice devil (Depths:2)
  6 guardian mummies (Crypt:2)
  3 komodo dragons
  9 trolls
  2 polar bears
  A meliai (shapeshifter) (Depths:3)
  A hydra zombie (Crypt:2)
  9 tyrant leeches
  40 hornets
  A troll (shapeshifter) (Vaults:1)
  A raiju (shapeshifter) (Depths:4)
  A harpy skeleton (D:11)
  13 blink frogs
  A dream sheep (Snake:1)
  62 slime creatures
  9 hippogriffs
  6 bog bodies
  A meliai zombie (D:11)
  The ghost of Returnofthet the Ducker, an amateur VSGl (D:5)
  4 hogs (D:12)
  A wyvern (D:11)
  A vampire (Swamp:1)
  41 water elementals
  15 fire elementals (Zot:1)
  A hungry ghost (D:9)
  11 wraiths
  20 yaks
  A neqoxec (Depths:1)
  6 basilisks
  Eustachio (D:4)
  4 golden eyes
  28 vampire mosquitoes
  Menkaure (D:3)
  A hog (shapeshifter) (Vaults:1)
  2 redbacks
  2 wargs (Orc)
  4 acid dragons
  12 crocodiles
  35 nagas
  5 water moccasins
  A swamp worm (shapeshifter) (D:12)
  12 swamp worms
  3 floating eyes
  5 porcupines
  Duvessa (D:5)
  A water nymph skeleton (Crypt:2)
  A floating eye (shapeshifter) (Depths:1)
  3 ice beasts
  14 orc warriors
  10 swamp drakes
  3 sky beasts
  2 ettin simulacra
  A black bear (D:9)
  A dream sheep zombie (Crypt:1)
  30 ogres
  4 boggarts
  An elephant zombie (Crypt:2)
  2 phantoms (D:10)
  9 wolves
  9 bullfrogs
  A kobold brigand (D:8)
  A gnoll sergeant (D:8)
  A deep troll simulacrum (Vaults:2)
  10 centaurs
  A scorpion (D:12)
  A queen bee zombie (Crypt:1)
  A troll zombie (D:10)
  23 killer bees
  4 electric eels
  3 howler monkeys
  4 orc priests
  8 wights
  A troll skeleton (Crypt:1)
  5 crimson imps
  7 hounds
  A water moccasin simulacrum (D:5)
  A bullfrog skeleton (D:4)
  4 jellies
  8 orc wizards
  Crazy Yiuf (D:5)
  3 iguanas
  Natasha (thrice) (D:4)
  13 worker ants
  6 ogre zombies (D:10)
  A tengu zombie (Crypt:2)
  A crocodile zombie (Crypt:2)
  2 sky beast zombies (Crypt:2)
  2 hound skeletons
  2 worker ant zombies
  2 howler monkey skeletons
  12 gnolls
  13 adders
  2 shadow imps
  A white imp (Depths:3)
  2 worker ant simulacra (D:5)
  14 oozes
  An adder skeleton (D:4)
  4 worms
  A worm (shapeshifter) (Depths:4)
  5 dart slugs
  15 leopard geckos
  40 orcs
  7 ball pythons
  A bat zombie (Crypt:2)
  15 giant cockroaches
  11 goblins
  6 hobgoblins
  4 jackals (D:2)
  4 quokkas
  9 bats
  11 frilled lizards
  2 goblin skeletons
  A goblin zombie (D:10)
  2 hobgoblin zombies (D:10)
  A jackal zombie (D:4)
  21 kobolds
  4 orc skeletons (D:10)
  12 orc zombies (D:10)
  A quokka simulacrum (D:5)
  A quokka skeleton (D:5)
  A quokka zombie (Crypt:1)
  7 rats
  4 fungi
  8 plants
1953 creatures vanquished.

Vanquished Creatures (collateral kills)
  A Killer Klown (Zot:5)
  Jory (Crypt:2)
2 creatures vanquished.

Vanquished Creatures (others)
  A fire giant (Depths:2)
  A draconian annihilator (Depths:5)
  A red draconian (Zot:1)
  An ettin (Depths:5)
  A yaktaur captain (Depths:2)
  An anaconda (Snake:3)
  A salamander mystic (Snake:3)
  A lindwurm (Snake:3)
  3 moths of wrath
  A hornet (Swamp:2)
  A slime creature (Depths:3)
  A spriggan (Swamp:2)
  A naga (Snake:3)
  A boggart (Swamp:2)
  A troll zombie (D:10)
  An orc wizard (Orc)
  An orc skeleton (D:10)
  3 orc zombies (D:10)
  2 fungi
  A lurking horror (Swamp:3)
  117 plants
  26 spectral weapons
168 creatures vanquished.

Grand Total: 2123 creatures vanquished

Notes
Turn   | Place    | Note
-------+----------+-------------------------------------------
     0 | D:1      | Artagas the Demigod Monk began the quest for the Orb.
     0 | D:1      | Reached XP level 1. HP: 18/18 MP: 5/5
   190 | D:1      | Reached skill level 3 in Fighting
   190 | D:1      | Reached skill level 3 in Maces & Flails
   190 | D:1      | Reached XP level 2. HP: 23/26 MP: 4/6
   463 | D:1      | Reached XP level 3. HP: 31/31 MP: 7/7
  1467 | D:2      | Reached XP level 4. HP: 39/39 MP: 8/8
  1552 | D:2      | Reached *** piety under Demigod
  1727 | D:3      | Reached skill level 1 in Throwing
  2097 | D:3      | Found a shadowy altar of Dithmenos.
  2112 | D:3      | Reached skill level 4 in Maces & Flails
  2112 | D:3      | Reached XP level 5. HP: 30/46 MP: 6/9
  2118 | D:3      | Reached skill level 4 in Fighting
  2638 | D:3      | Noticed a sky beast
  2643 | D:3      | Killed a sky beast
  2644 | D:3      | Reached skill level 2 in Throwing
  2644 | D:3      | Reached XP level 6. HP: 53/53 MP: 10/10
  3192 | D:4      | Noticed Natasha
  3198 | D:4      | Killed Natasha
  3239 | D:4      | Noticed Menkaure
  3241 | D:4      | Noticed Natasha
  3404 | D:4      | Found a staircase to the Ecumenical Temple.
  3418 | D:4      | Reached skill level 3 in Throwing
  3896 | D:3      | Killed Menkaure
  3897 | D:3      | Reached skill level 5 in Fighting
  3897 | D:3      | Reached skill level 5 in Maces & Flails
  3897 | D:3      | Reached XP level 7. HP: 17/61 MP: 2/11
  4044 | D:4      | Noticed Eustachio
  4174 | D:4      | Killed Eustachio
  4366 | D:3      | Reached skill level 4 in Throwing
  4450 | D:4      | Reached **** piety under Demigod
  4537 | D:4      | Found Ysmior's General Store.
  4545 | D:4      | Bought a scroll of teleportation for 36 gold pieces
  4545 | D:4      | Bought a +0 helmet of see invisible for 138 gold pieces
  4545 | D:4      | Bought a scroll of immolation for 42 gold pieces
  4561 | D:4      | Killed Natasha
  4679 | D:5      | Entered Level 5 of the Dungeon
  4749 | D:4      | Noticed Natasha
  4753 | D:4      | Killed Natasha
  4812 | D:5      | Noticed Duvessa
  4837 | D:5      | Reached XP level 8. HP: 59/70 MP: 10/13
  4842 | D:5      | Killed Duvessa
  4843 | D:5      | Reached skill level 3 in Invocations
  4859 | D:5      | Found a glowing drain.
  4862 | Sewer    | Entered a sewer
  5158 | Sewer    | Reached skill level 6 in Fighting
  5248 | Sewer    | Reached skill level 1 in Armour
  5255 | Sewer    | Reached skill level 6 in Maces & Flails
  5674 | D:5      | Found a runed translucent gate.
  5674 | D:5      | Found a runed translucent gate.
  5675 | D:5      | Found a runed translucent gate.
  5833 | D:5      | Reached skill level 4 in Invocations
  5890 | D:5      | Noticed Returnofthet's ghost (amateur VSGl)
  6031 | D:5      | Found a runed door.
  6333 | D:6      | Reached skill level 2 in Armour
  6667 | D:6      | Reached XP level 9. HP: 78/78 MP: 15/15
  7466 | D:7      | Found a shadowy altar of Dithmenos.
  7927 | D:7      | Reached skill level 1 in Axes
  8229 | D:8      | Reached skill level 7 in Fighting
  8229 | D:8      | Reached skill level 5 in Throwing
  8330 | D:8      | Reached skill level 2 in Axes
  8330 | D:8      | Reached skill level 5 in Invocations
  8458 | D:8      | Reached skill level 3 in Armour
  8519 | D:8      | Noticed Erica
  8536 | D:8      | Killed Erica
  8537 | D:8      | Reached skill level 4 in Axes
  8537 | D:8      | Reached skill level 2 in Shields
  8585 | D:8      | Noticed a troll
  8587 | D:8      | Noticed Harold
  8598 | D:8      | Killed Harold
  8599 | D:8      | Reached skill level 5 in Axes
  8599 | D:8      | Reached skill level 4 in Armour
  8599 | D:8      | Reached skill level 3 in Shields
  8599 | D:8      | Reached XP level 10. HP: 36/86 MP: 5/17
  9571 | D:9      | Reached skill level 6 in Axes
  9759 | D:9      | Reached skill level 4 in Shields
  9904 | D:9      | Noticed an unseen horror
  9918 | D:9      | Killed an unseen horror
  9919 | D:9      | Reached skill level 7 in Axes
 10071 | D:9      | Noticed Joseph
 10139 | D:9      | Reached skill level 5 in Shields
 10410 | D:9      | Found a staircase to the Lair.
 10490 | D:9      | Found a white marble altar of Elyvilon.
 10499 | D:9      | Reached skill level 8 in Axes
 10779 | D:10     | Entered Level 10 of the Dungeon
 10834 | D:10     | Reached skill level 9 in Axes
 10920 | D:10     | Reached XP level 11. HP: 65/92 MP: 12/18
 11125 | D:10     | Noticed Snorg
 11131 | D:10     | Killed Snorg
 11159 | D:10     | Reached skill level 3 in Dodging
 11183 | D:10     | Reached skill level 1 in Evocations
 11205 | D:10     | Noticed a two-headed ogre
 11230 | D:10     | Killed a two-headed ogre
 11278 | D:10     | Reached ***** piety under Demigod
 11702 | Lair:1   | Entered Level 1 of the Lair of Beasts
 12103 | Lair:1   | Reached skill level 6 in Invocations
 12659 | Lair:2   | Reached skill level 2 in Evocations
 12901 | Lair:2   | Noticed an eight-headed hydra
 12922 | Lair:2   | HP: 5/92 [eight-headed hydra (10)]
 12924 | Lair:2   | Killed an eight-headed hydra
 13109 | Lair:2   | Reached skill level 4 in Dodging
 13165 | Lair:2   | Reached skill level 5 in Armour
 13518 | Lair:2   | Noticed Fannar
 13531 | Lair:2   | Killed Fannar
 13532 | Lair:2   | Reached skill level 6 in Shields
 13608 | Lair:3   | Reached skill level 3 in Evocations
 13730 | Lair:3   | Reached skill level 7 in Invocations
 13752 | Lair:3   | Found a staircase to the Snake Pit.
 13834 | Lair:3   | Reached XP level 12. HP: 62/101 MP: 13/21
 13842 | Lair:3   | Reached skill level 8 in Fighting
 13842 | Lair:3   | Reached skill level 10 in Axes
 13842 | Lair:3   | Reached skill level 6 in Armour
 13842 | Lair:3   | Reached skill level 5 in Dodging
 13842 | Lair:3   | Reached skill level 8 in Invocations
 13842 | Lair:3   | Reached skill level 4 in Evocations
 13842 | Lair:3   | Reached XP level 13. HP: 68/108 MP: 15/23
 14239 | Lair:3   | Noticed Urug
 14239 | Lair:3   | Paralysed by Urug for 4 turns
 14531 | Lair:3   | Killed Urug
 14532 | Lair:3   | Reached skill level 7 in Shields
 14747 | Lair:3   | Got a twisted cloak
 15434 | Lair:4   | Found a staircase to the Swamp.
 15845 | Lair:4   | Identified the cursed +0 cloak "Sotisi" {Int+2} (You found
                  | it on level 3 of the Lair of Beasts)
 15869 | Lair:5   | Found an ornate altar of the Wu Jian Council.
 16056 | Lair:5   | Reached skill level 5 in Evocations
 16377 | Lair:5   | Found a staircase to the Spriggan Forest.
 16541 | Lair:6   | Entered Level 6 of the Lair of Beasts
 16556 | Lair:6   | Reached skill level 9 in Fighting
 16621 | Lair:6   | Reached skill level 7 in Armour
 16810 | Lair:6   | Reached skill level 8 in Shields
 17086 | Lair:6   | Reached skill level 11 in Axes
 17787 | Lair:6   | Reached skill level 10 in Fighting
 17805 | Lair:6   | Found a large runed door.
 17806 | Lair:6   | Found a large runed door.
 18304 | D:10     | Found a staircase to the Orcish Mines.
 19105 | D:11     | Found a gate to the Vaults.
 19116 | D:11     | Reached XP level 14. HP: 117/121 MP: 22/24
 19122 | D:11     | Reached skill level 12 in Axes
 19122 | D:11     | Reached skill level 6 in Throwing
 19518 | D:11     | Reached skill level 7 in Throwing
 19910 | D:11     | Reached skill level 8 in Throwing
 20234 | D:12     | Entered Level 12 of the Dungeon
 20240 | D:12     | Noticed Frances
 20276 | D:11     | Killed Frances
 20797 | D:12     | Found a staircase to the Depths.
 20797 | D:12     | Noticed a fire giant
 20810 | D:12     | Killed a fire giant
 20818 | D:12     | Reached skill level 9 in Invocations
 21410 | D:12     | Noticed Kirke
 21424 | D:12     | Killed Kirke
 21425 | D:12     | Reached skill level 6 in Dodging
 21774 | Orc      | Entered the Orcish Mines
 21961 | D:10     | Reached skill level 8 in Armour
 22108 | Orc      | Reached XP level 15. HP: 113/128 MP: 18/26
 22116 | Orc      | Reached skill level 9 in Shields
 22116 | Orc      | Reached skill level 10 in Invocations
 22144 | Orc      | Found Unatiunt's Food Shoppe.
 22160 | Orc      | Found Xiatugonn's Book Emporium.
 22237 | Orc      | Found Mepniol's Antique Armour Emporium.
 22238 | Orc      | Found Cezocwow's Jewellery Shop.
 22596 | Orc      | Reached skill level 7 in Dodging
 22628 | Orc      | Found a viscous altar of Jiyva.
 22628 | Orc      | Found a staircase to the Slime Pits.
 22628 | Orc      | Found a viscous altar of Jiyva.
 22996 | Orc      | Reached skill level 11 in Fighting
 23030 | Orc      | Found Pomuloing's Antique Weapon Shoppe.
 23183 | Orc      | Bought the ring of Ykhlaorocw {rElec rN+ Str-5 SInv} for
                  | 345 gold pieces
 23189 | Orc      | Bought a slimy scale mail for 261 gold pieces
 23199 | Orc      | Identified the +3 scale mail "Afrirr" {rC- Int+7} (You
                  | bought it in a shop in the Orcish Mines)
 23340 | Snake:1  | Entered Level 1 of the Snake Pit
 24017 | Snake:1  | Reached skill level 9 in Armour
 24485 | Snake:1  | Reached skill level 10 in Shields
 24796 | Snake:1  | Got a vibrating copper ring
 24797 | Snake:1  | Identified the cursed ring of Keocluyl {Int+4 Dex+4 Slay-2
                  | Stlth--} (You found it on level 1 of the Snake Pit)
 25666 | Snake:2  | Found Xemuza's Jewellery Emporium.
 25666 | Snake:2  | Found Ublosoz's Gadget Boutique.
 25667 | Snake:2  | Found Fues's Gadget Boutique.
 25680 | Snake:2  | Bought a wand of iceblast (4) for 120 gold pieces
 25682 | Snake:2  | Bought the ring "Faass" {EV+5 Str+5 Dex+6} for 1006 gold
                  | pieces
 25682 | Snake:2  | Bought an uncursed ring of insulation for 300 gold pieces
 25805 | Snake:2  | Reached skill level 12 in Fighting
 25805 | Snake:2  | Reached skill level 10 in Armour
 26093 | Snake:3  | Entered Level 3 of the Snake Pit
 26360 | Snake:3  | Noticed a nagaraja
 26378 | Snake:3  | Killed a nagaraja
 26727 | Snake:3  | Got a fading quarterstaff
 26788 | Snake:3  | Reached XP level 16. HP: 130/139 MP: 26/28
 27695 | Snake:3  | Got a scintillating ivory ring
 28084 | Snake:3  | Reached skill level 11 in Invocations
 28386 | Snake:3  | Reached skill level 8 in Dodging
 28957 | Snake:3  | Reached skill level 13 in Axes
 29501 | Snake:3  | Reached skill level 11 in Shields
 29607 | Snake:3  | Reached skill level 11 in Armour
 29662 | Snake:3  | Identified the ring of Brilliance {rElec Slay+3} (You found
                  | it on level 3 of the Snake Pit)
 29662 | Snake:3  | Identified the cursed +1 quarterstaff "Niguntis" {drain,
                  | +Fly rElec rF+ Dex+2} (You found it on level 3 of the Snake
                  | Pit)
 29662 | Snake:3  | Got a serpentine rune of Zot
 29911 | Swamp:1  | Entered Level 1 of the Swamp
 29920 | Swamp:1  | Reached XP level 17. HP: 123/148 MP: 23/30
 30377 | Swamp:1  | Reached skill level 12 in Invocations
 31283 | Swamp:2  | Reached skill level 9 in Dodging
 31286 | Swamp:2  | Reached skill level 13 in Fighting
 31373 | Swamp:2  | Found a runed translucent gate.
 31426 | Swamp:2  | Found a runed translucent gate.
 31433 | Swamp:2  | Found a runed translucent gate.
 31434 | Swamp:2  | Noticed Lazarus1551's ghost (adept OnVM)
 31834 | Swamp:2  | Killed Lazarus1551's ghost
 32114 | Swamp:2  | Reached skill level 1 in Spellcasting
 32300 | Swamp:3  | Entered Level 3 of the Swamp
 32366 | Swamp:3  | Reached skill level 2 in Spellcasting
 32368 | Swamp:3  | Identified the +7 long sword "Robloapn" {pain, rF+ rC+
                  | Stlth+}
 32383 | Swamp:3  | Found a one-way gate to the infinite horrors of the Abyss.
 32386 | Swamp:3  | Found a corrupted altar of Lugonu.
 32545 | Swamp:3  | Identified a scroll of acquirement
 32547 | Swamp:3  | Identified the scarf "Jougu" {clouds, Str-2 Int+8 Stlth+}
                  | (You acquired it on level 3 of the Swamp)
 32547 | Swamp:3  | Identified the ring "Maishr Foel" {EV+1 Stlth+} (You
                  | acquired it on level 3 of the Swamp)
 32682 | Swamp:3  | Reached skill level 3 in Spellcasting
 32697 | Swamp:3  | Reached skill level 12 in Shields
 32716 | Swamp:3  | Reached skill level 4 in Spellcasting
 32720 | Swamp:3  | Reached skill level 12 in Armour
 32737 | Swamp:3  | Reached skill level 5 in Spellcasting
 32959 | Swamp:3  | Reached skill level 6 in Spellcasting
 33004 | Swamp:3  | Got a decaying rune of Zot
 33154 | Swamp:3  | Reached skill level 7 in Spellcasting
 33863 | Vaults:1 | Entered Level 1 of the Vaults
 33873 | Vaults:1 | Reached skill level 8 in Spellcasting
 33935 | Vaults:1 | Reached skill level 9 in Spellcasting
 33974 | Vaults:1 | Reached skill level 10 in Spellcasting
 33974 | Vaults:1 | Reached XP level 18. HP: 50/157 MP: 15/37
 34438 | Vaults:1 | Found Bobefeck's Weapon Shoppe.
 34530 | Vaults:1 | Reached skill level 14 in Fighting
 34973 | Vaults:1 | Reached skill level 11 in Spellcasting
 36594 | D:9      | Learned a level 6 spell: Invisibility
 36749 | Vaults:2 | Found Lyemem's Gadget Shop.
 36775 | Vaults:2 | Reached skill level 1 in Hexes
 36808 | Vaults:2 | Reached skill level 2 in Hexes
 36859 | Vaults:2 | Reached skill level 15 in Fighting
 36864 | Vaults:2 | Reached skill level 3 in Hexes
 37035 | Vaults:2 | Reached skill level 4 in Hexes
 37062 | Vaults:2 | Reached skill level 5 in Hexes
 37166 | Vaults:2 | Reached skill level 6 in Hexes
 37206 | Vaults:2 | Reached XP level 19. HP: 86/170 MP: 22/39
 37397 | Vaults:2 | Reached skill level 7 in Hexes
 37760 | Vaults:2 | Found Biffui's Weapon Boutique.
 37840 | Vaults:2 | Reached skill level 8 in Hexes
 38173 | Vaults:2 | Reached skill level 9 in Hexes
 38192 | Vaults:2 | Found Afriog's Jewellery Shop.
 38394 | Vaults:2 | Found a staircase to the Crypt.
 38430 | Vaults:2 | Found Ymici's Antique Weapon Emporium.
 38977 | Forest:1 | Entered Level 1 of the Spriggan Forest
 39019 | Forest:1 | Reached skill level 10 in Hexes
 39761 | Forest:1 | Reached skill level 11 in Hexes
 41340 | Forest:2 | Reached skill level 12 in Hexes
 41791 | Forest:2 | Reached XP level 20. HP: 178/178 MP: 40/40
 41873 | Forest:2 | Reached skill level 13 in Hexes
 42997 | Forest:3 | Entered Level 3 of the Spriggan Forest
 43439 | Forest:3 | Identified the +2 faerie dragon scales {*Slow rC+ MR++
                  | rCorr MP+9 Clar}
 43439 | Forest:3 | Noticed the Enchantress
 43440 | Forest:3 | Reached skill level 14 in Hexes
 43454 | Forest:3 | Killed the Enchantress
 43834 | Forest:3 | Found a shattered altar of Ashenzari.
 43862 | Forest:3 | Identified the +3 flail of True Grit {elec, rElec rF- rN++
                  | Dex+4}
 43931 | Forest:3 | Found a shimmering altar of Xom.
 43939 | Forest:3 | Identified the +1 arbalest of Lyteikon {freeze, *Drain +Fly
                  | rElec rF+}
 43993 | Forest:3 | Reached skill level 15 in Hexes
 44098 | Forest:3 | Identified Meschieff's Collected Works on Ashen
                  | Enhancements
 44253 | Forest:3 | Identified the cursed +1 rapier of Trauma {freeze, +Blink
                  | SInv Stlth+}
 45812 | Forest:3 | Learned a level 3 spell: Spectral Weapon
 46048 | Orc      | Bought a book of Debilitation for 560 gold pieces
 46053 | Orc      | Learned a level 4 spell: Cause Fear
 46058 | Orc      | Learned a level 4 spell: Yara's Violent Unravelling
 46181 | Depths:1 | Entered Level 1 of the Depths
 46267 | Depths:1 | Reached skill level 1 in Charms
 46267 | Depths:1 | Reached skill level 1 in Transmutations
 46400 | Depths:1 | Reached skill level 2 in Charms
 46400 | Depths:1 | Reached skill level 2 in Transmutations
 46448 | Depths:1 | Reached skill level 3 in Charms
 46448 | Depths:1 | Reached skill level 3 in Transmutations
 46719 | Depths:1 | Learned a level 3 spell: Confuse
 46814 | Depths:1 | Found a large runed translucent door.
 46815 | Depths:1 | Found a large runed translucent door.
 46817 | Depths:1 | Noticed tronn's ghost (adept OpAc)
 46855 | Depths:1 | Found a snail-covered altar of Cheibriados.
 47009 | Depths:1 | Reached XP level 21. HP: 184/184 MP: 38/41
 47070 | Depths:1 | Found a gateway to Hell.
 47087 | Depths:1 | HP: 14/184 [balrug/+0 demon blade of flaming (15)]
 47087 | Depths:1 | HP: 1/184 [balrug/+0 demon blade of flaming (13)]
 47390 | Depths:1 | Reached skill level 4 in Charms
 47543 | Depths:1 | Killed tronn's ghost
 47544 | Depths:1 | Reached skill level 4 in Transmutations
 47545 | Depths:1 | Identified the +8 triple sword "Bugiskyh" {slice, rElec
                  | Int+5} (You found it on level 1 of the Depths)
 47853 | Vaults:2 | Bought an uncursed ring of protection from fire for 500
                  | gold pieces
 48076 | Depths:2 | Reached skill level 16 in Hexes
 48159 | Depths:2 | Found a shimmering altar of Xom.
 48531 | Depths:2 | Reached skill level 5 in Charms
 48600 | Depths:2 | Reached skill level 5 in Transmutations
 48751 | Depths:2 | Noticed Nikola
 49012 | Depths:2 | Killed Nikola
 49013 | Depths:2 | Reached skill level 6 in Charms
 49647 | Depths:2 | Reached skill level 17 in Hexes
 49651 | Depths:2 | Learned a level 3 spell: Regeneration
 49676 | Depths:2 | Found a gateway to a ziggurat.
 49749 | Depths:2 | Reached skill level 1 in Necromancy
 50315 | Crypt:1  | Entered Level 1 of the Crypt
 50339 | Crypt:1  | Reached skill level 2 in Necromancy
 50348 | Crypt:1  | Noticed Donald
 50353 | Crypt:1  | Killed Donald
 50509 | Crypt:1  | Reached skill level 3 in Necromancy
 50817 | Crypt:2  | Entered Level 2 of the Crypt
 50994 | Crypt:2  | Reached skill level 4 in Necromancy
 51013 | Crypt:2  | Reached skill level 5 in Necromancy
 51052 | Crypt:2  | Reached skill level 6 in Necromancy
 51351 | Crypt:2  | Found a basalt altar of Yredelemnul.
 51356 | Crypt:2  | Reached skill level 13 in Invocations
 51515 | Crypt:2  | Noticed Jory
 51530 | Crypt:2  | Identified the +3 glaive of Termination {freeze, *Contam
                  | rN+ Dex+4}
 51541 | Crypt:2  | Killed Jory
 51553 | Crypt:2  | Reached XP level 22. HP: 140/193 MP: 22/42
 52061 | Crypt:2  | Reached skill level 16 in Fighting
 52550 | Crypt:2  | Found a staircase to the Tomb.
 53442 | Depths:3 | Identified the ring "Atzuoxib" {Fire Str-2 Int+3 Slay+2
                  | Stlth+} (You acquired it on level 3 of the Depths)
 54185 | Depths:3 | Reached skill level 10 in Dodging
 54627 | Depths:3 | Noticed a Killer Klown
 54649 | Depths:3 | Killed a Killer Klown
 54802 | Depths:3 | Found a one-way gate leading to the halls of Pandemonium.
 54849 | Depths:3 | Reached skill level 13 in Armour
 55128 | Depths:3 | Found a hide-covered altar of Uskayaw.
 55129 | Depths:3 | Found a stormy altar of Qazlal.
 55139 | Depths:3 | Identified the +2 pair of gloves "Juhel" {rCorr Str+7
                  | Dex-3}
 56844 | Crypt:1  | Reached XP level 23. HP: 201/204 MP: 41/43
 57758 | Depths:4 | Reached skill level 13 in Shields
 57801 | Depths:4 | Reached skill level 11 in Dodging
 57970 | Depths:4 | Reached skill level 6 in Evocations
 57970 | Depths:4 | Noticed a golden dragon
 58118 | Depths:3 | Reached skill level 17 in Fighting
 58124 | Depths:3 | Killed a golden dragon
 58434 | Depths:4 | Identified the +8 demon whip of Dissent {venom, Str+2
                  | Int+6}
 58434 | Depths:4 | Identified the ring "Tedaetom" {Fire MR+ Dex-5 SInv}
 58451 | Depths:3 | Reached skill level 14 in Shields
 58822 | Depths:4 | Noticed a Killer Klown
 58838 | Depths:4 | Killed a Killer Klown
 58845 | Depths:4 | Reached skill level 7 in Evocations
 59133 | Depths:4 | Reached skill level 15 in Shields
 59166 | Depths:4 | Reached skill level 14 in Armour
 59365 | Depths:4 | Learned a level 6 spell: Darkness
 59501 | Depths:4 | Reached skill level 8 in Evocations
 59513 | Depths:4 | Noticed a Killer Klown
 59532 | Depths:4 | Killed a Killer Klown
 59703 | Depths:4 | Identified the cursed +1 hand crossbow of Huph {velocity,
                  | Str-3 Dex+4 SInv}
 60025 | Depths:4 | Noticed a golden dragon
 60035 | Depths:4 | Killed a golden dragon
 60359 | Depths:4 | Noticed a caustic shrike
 60371 | Depths:4 | Killed a caustic shrike
 60375 | Depths:4 | Reached skill level 9 in Evocations
 60388 | Depths:4 | Reached ****** piety under Demigod
 60822 | Depths:5 | Entered Level 5 of the Depths
 60877 | Depths:5 | Noticed a caustic shrike
 60892 | Depths:5 | Noticed Boris
 60938 | Depths:4 | Killed Boris
 60966 | Depths:5 | Noticed a caustic shrike
 60968 | Depths:5 | Noticed a caustic shrike
 60970 | Depths:5 | Noticed a caustic shrike
 60971 | Depths:5 | Killed a caustic shrike
 60972 | Depths:5 | Reached skill level 16 in Shields
 60973 | Depths:5 | Noticed a caustic shrike
 61105 | Depths:5 | Reached XP level 24. HP: 200/214 MP: 41/43
 61193 | Depths:5 | Reached skill level 10 in Evocations
 61500 | Depths:5 | Noticed a golden dragon
 61525 | Depths:5 | Killed a golden dragon
 61526 | Depths:5 | Reached skill level 14 in Invocations
 61593 | Depths:5 | Noticed a golden dragon
 61601 | Depths:5 | Killed a golden dragon
 61758 | Depths:5 | Reached skill level 15 in Invocations
 61824 | Depths:5 | Identified the cursed +1 glaive of Vengeance {elec, +Rage
                  | +Inv Str+2}
 61892 | Depths:5 | Found Wila's Antique Armour Emporium.
 62911 | Depths:5 | Reached skill level 18 in Fighting
 63051 | Depths:5 | Found a gate to the Realm of Zot.
 64037 | Slime:1  | Entered Level 1 of the Pits of Slime
 64275 | Slime:3  | Reached skill level 12 in Dodging
 64562 | Slime:5  | Entered Level 5 of the Pits of Slime
 65515 | Slime:5  | Found a viscous altar of Jiyva.
 66010 | Slime:5  | Reached skill level 15 in Armour
 66338 | Slime:5  | Noticed the Royal Jelly
 66359 | Slime:5  | Killed the Royal Jelly
 66463 | Slime:5  | Got a slimy rune of Zot
 66467 | Slime:5  | Identified the amulet "Kukhenox" {Acrobat +Blink Int-3
                  | Slay+5}
 66592 | Slime:5  | Identified the ring "Huaczofe" {*Drain rElec MP+9 Int+4}
 66594 | Slime:5  | Identified the +7 war axe of Wrongful Imprisonment {chop,
                  | +Inv rElec rC+}
 66614 | Slime:5  | Identified the cursed +1 hunting sling of Execution
                  | {freeze, +Inv Str+3}
 67562 | D:5      | Noticed Crazy Yiuf
 67564 | D:5      | Killed Crazy Yiuf
 67622 | D:5      | Killed Returnofthet's ghost
 67636 | D:5      | Identified the ring "Jatuisko" {Fire *Slow rPois rN+}
 68274 | Vaults:2 | Bought a phantom mirror for 300 gold pieces
 68274 | Vaults:2 | Bought a phantom mirror for 300 gold pieces
 68274 | Vaults:2 | Bought a wand of digging (5) for 180 gold pieces
 68276 | Vaults:2 | Bought a box of beasts for 300 gold pieces
 68613 | Snake:2  | Bought a wand of paralysis (6) for 91 gold pieces
 68613 | Snake:2  | Bought a box of beasts for 260 gold pieces
 68613 | Snake:2  | Bought a wand of scattershot (2) for 117 gold pieces
 68613 | Snake:2  | Bought a wand of acid (5) for 156 gold pieces
 68617 | Snake:2  | Bought a box of beasts for 320 gold pieces
 68617 | Snake:2  | Bought a phantom mirror for 320 gold pieces
 68617 | Snake:2  | Bought a box of beasts for 320 gold pieces
 68617 | Snake:2  | Bought a wand of paralysis (7) for 128 gold pieces
 68617 | Snake:2  | Bought a wand of paralysis (6) for 112 gold pieces
 68959 | Zot:1    | Entered Level 1 of the Realm of Zot
 68971 | Zot:1    | Reached XP level 25. HP: 225/225 MP: 37/43
 69235 | Zot:1    | Reached skill level 19 in Fighting
 69608 | Zot:4    | Noticed Xtahua
 70080 | Zot:5    | Entered Level 5 of the Realm of Zot
 70230 | Zot:5    | Learned a level 3 spell: Tukima's Dance
 70235 | Zot:5    | Learned a level 4 spell: Tree Form
 70238 | Zot:5    | Learned a level 2 spell: Passwall
 70307 | Zot:5    | Reached skill level 1 in Earth Magic
 70328 | Zot:5    | Reached skill level 2 in Earth Magic
 70657 | Zot:5    | Reached skill level 3 in Earth Magic
 70943 | Zot:5    | Reached skill level 4 in Earth Magic
 71092 | Zot:5    | Reached skill level 5 in Earth Magic
 71201 | Zot:5    | Noticed a Killer Klown
 71229 | Zot:5    | Killed a Killer Klown
 71230 | Zot:5    | Reached skill level 6 in Transmutations
 71315 | Zot:5    | Reached skill level 6 in Earth Magic
 71633 | Zot:5    | Noticed an ancient lich
 71644 | Zot:5    | Killed an ancient lich
 71671 | Zot:5    | Noticed an ancient lich
 71677 | Zot:5    | Killed an ancient lich
 71779 | Zot:5    | Noticed an ancient lich
 71820 | Zot:5    | Killed an ancient lich
 72067 | Zot:5    | Noticed an ancient lich
 72075 | Zot:5    | Killed an ancient lich
 72076 | Zot:5    | Reached skill level 16 in Invocations
 72076 | Zot:5    | Reached skill level 11 in Evocations
 72076 | Zot:5    | Reached XP level 26. HP: 236/236 MP: 42/43
 72076 | Zot:5    | Noticed an ancient lich
 72086 | Zot:5    | Killed an ancient lich
 72108 | Zot:5    | Noticed an ancient lich
 72131 | Zot:5    | Killed an ancient lich
 72398 | Zot:5    | Reached skill level 12 in Evocations
 72408 | Zot:5    | Noticed an orb of fire
 72425 | Zot:5    | Killed an orb of fire
 72506 | Zot:5    | Noticed an orb of fire
 72530 | Zot:5    | Noticed an orb of fire
 72543 | Zot:5    | Gained mutation: You are clumsy. (Dex -2) [an orb of fire]
 72553 | Zot:5    | Killed an orb of fire
 72559 | Zot:5    | Gained mutation: You are frail. (-10% HP) [an orb of fire]
 72564 | Zot:5    | Killed an orb of fire
 72565 | Zot:5    | Reached skill level 13 in Evocations
 73486 | Zot:5    | Reached skill level 14 in Evocations
 73937 | Zot:5    | Got the Orb of Zot
 73968 | Zot:5    | Noticed an ancient lich
 73976 | Zot:5    | Killed an ancient lich
 73977 | Zot:5    | Reached skill level 15 in Evocations
 73994 | Zot:5    | Noticed a Killer Klown
 74009 | Zot:5    | Killed a Killer Klown
 74275 | Depths:4 | Noticed Fuan the pandemonium lord
 74745 | D:$      | Escaped with the Orb!

Skill      XL: |  1  2  3  4  5  6  7  8  9 10 11 12 13 14 15 16 17 18 19 20 21 22 23 24 25 26 |
---------------+-------------------------------------------------------------------------------+-----
Fighting       | 3 4 5 6 7 8 10 12 13 15 16 17 18 19 | 19.3
Maces & Flails | 3 4 5 6 |  6.8
Throwing       | 1 2 3 4 5 8 |  8.0
Invocations    | 4 5 7 8 9 10 11 12 13 15 16 | 16.0
Armour         | 2 4 5 6 7 8 10 11 12 13 14 15 | 15.4
Axes           | 5 9 10 11 12 13 | 13.4
Shields        | 3 5 6 8 10 11 12 16 | 16.4
Dodging        | 4 5 6 7 8 9 10 11 12 | 12.6
Evocations     | 3 4 5 9 10 11 15 | 15.8
Spellcasting   | 10 11 | 11.0
Hexes          | 6 12 15 17 | 17.0
Charms         | 3 6 |  6.0
Transmutations | 3 5 6 |  6.0
Necromancy     | 6 |  6.0
Earth Magic    | 6 |  6.0
Stealth        | |  2.0

Action                   |  1- 3 |  4- 6 |  7- 9 | 10-12 | 13-15 | 16-18 | 19-21 | 22-24 | 25-27 || total
-------------------------+-------+-------+-------+-------+-------+-------+-------+-------+-------++-------
Melee: Mace              |   126 |    96 |       |       |       |       |       |       |       ||   222
       Flail             |       |    22 |   298 |       |       |       |       |       |       ||   320
       Punch             |       |       |     1 |       |       |       |       |       |       ||     1
       Broad axe         |       |       |    53 |    12 |   922 |  1388 |  1490 |  1683 |   572 ||  6120
       Hand axe          |       |       |    20 |   398 |   142 |       |       |       |       ||   560
Throw: Tomahawk          |     3 |    28 |    80 |    65 |   103 |    63 |   227 |    36 |    75 ||   680
       Javelin           |       |       |       |       |    70 |   130 |   107 |    33 |    10 ||   350
       Throwing net      |       |       |       |       |       |       |       |       |     2 ||     2
 Cast: Invisibility      |       |       |       |       |       |       |     8 |     9 |    14 ||    31
       Spectral Weapon   |       |       |       |       |       |       |     3 |    36 |    11 ||    50
       Yara's Violent Un |       |       |       |       |       |       |     5 |     4 |     5 ||    14
       Cause Fear        |       |       |       |       |       |       |     3 |     2 |     1 ||     6
       Regeneration      |       |       |       |       |       |       |     2 |     7 |     6 ||    15
       Confuse           |       |       |       |       |       |       |       |     4 |       ||     4
       Darkness          |       |       |       |       |       |       |       |       |     2 ||     2
       Passwall          |       |       |       |       |       |       |       |       |     1 ||     1
Invok: Temporal Distorti |       |     1 |       |     1 |     8 |     6 |     1 |     4 |     1 ||    22
       Heroism           |       |       |     4 |    16 |    40 |    38 |    62 |    56 |    23 ||   239
       Growth            |       |       |     1 |       |     3 |     7 |     1 |     5 |       ||    17
       Divine Shield     |       |       |       |     1 |    10 |     6 |     9 |     4 |       ||    30
       Major Destruction |       |       |       |       |       |       |       |     2 |       ||     2
Evoke: Wand              |       |       |     1 |     2 |     9 |     9 |     9 |    11 |    19 ||    60
       Lamp of fire      |       |       |       |     1 |     3 |     1 |     5 |     3 |       ||    13
       Phial of floods   |       |       |       |       |       |       |     3 |     1 |     1 ||     5
       Box of beasts     |       |       |       |       |       |       |       |       |     2 ||     2
       Phantom mirror    |       |       |       |       |       |       |       |       |     1 ||     1
  Use: Scroll            |     1 |     1 |     5 |    11 |    19 |     7 |     9 |    11 |     5 ||    69
       Potion            |       |     1 |       |     2 |     4 |    12 |     6 |     3 |    11 ||    39
 Stab: Sleeping          |     9 |     1 |       |       |       |       |       |     1 |     1 ||    12
       Paralysed         |       |       |       |       |     4 |     3 |       |     5 |     8 ||    20
       Invisible         |       |       |       |       |       |       |    60 |    33 |    80 ||   173
       Distracted        |       |       |       |       |       |       |     5 |     6 |     4 ||    15
       Confused          |       |       |       |       |       |       |       |    12 |     3 ||    15
       Held in net/web   |       |       |       |       |       |       |       |       |     1 ||     1
  Eat: Chunk             |     6 |    10 |    20 |    19 |    65 |    29 |    44 |    37 |     2 ||   232
       Ration            |       |     1 |     2 |     5 |     4 |    13 |    15 |    18 |    12 ||    70
Armor: Robe              |    11 |       |       |       |       |       |       |       |       ||    11
       Ring mail         |    18 |    25 |     9 |       |       |       |       |       |       ||    52
       Chain mail        |       |       |   227 |    86 |       |       |       |       |       ||   313
       Plate armour      |       |       |       |    58 |   485 |   376 |   192 |       |       ||  1111
       Pearl dragon scal |       |       |       |       |       |       |   151 |   357 |    84 ||   592
Dodge: Dodged            |    78 |    64 |   201 |    93 |   340 |   828 |   830 |  1017 |   334 ||  3785
Block: Medium shield     |       |       |    18 |   236 |   886 |  1137 |  1226 |  1071 |   312 ||  4886
       Buckler           |       |       |       |       |       |       |       |    95 |       ||    95

Levels and vault maps discovered:
D:1:      matt_arrival_diagonals, layout_loops_cross, minmay_tromino_v4_a
D:2:      layout_loops_corners
D:3:      layout_basic, nicolae_dithmenos_shadow_blocks, first_ration
D:4:      layout_basic, minmay_temple_entry_butterflies, serial_shops, shop,
          uniq_eustachio, uniq_menkaure, uniq_natasha
D:5:      layout_basic, mainiacjoe_sewer_entry_somewhere_in_here_1,
          gammafunk_ghost_icy, uniq_duvessa, uniq_crazy_yiuf_cottage
D:6:      cheibrodos_iron_armory, layout_loops_cross
D:7:      layout_loops_corners, basic_altar
D:8:      layout_loops_ring, grunt_ogre_cave, minmay_misc_feat_diagonals,
          uniq_harold, uniq_erica
D:9:      layout_stronghold, kennysheep_little_box,
          grunt_lair_entry_orc_guard_hut, minivault_21, uniq_joseph
D:10:     layout_long_grid, zombieorc2_lemuel, uniq_snorg
D:11:     layout_long_grid, erik_vaults_2
D:12:     grunt_enter_depths_giant_problem, layout_gridville, uniq_kirke,
          uniq_frances
Lair:1:   layout_regular_city, chequers_serial_rivers_large_b
Lair:2:   layout_gridlike, minivault_26, infiniplex_staircase_pool, uniq_fannar
Lair:3:   layout_cave_shapes, guppyfry_snake_entry_garden, uniq_urug
Lair:4:   layout_loops_ring, minmay_swamp_entry_worms
Lair:5:   layout_cave_shapes, dummy_forest_entry, amcnicky_altar_gilded
Lair:6:   evil_forest, layout_regular_city, serial_bayou_shore_a,
          lemuel_fruit_tree
Swamp:1:  layout_basic_swamp, evilmike_swamp_ruin_rubble_2,
          cheibrodos_swamp_pet_leeches
Swamp:2:  layout_basic_swamp, ebering_ghost_rock_garden, serial_swamp_ruin,
          evilmike_swamp_ruin_house_2, evilmike_swamp_ruin_house_4,
          evilmike_swamp_ruin_house_5
Swamp:3:  swamp, layout_basic_swamp, amcnicky_altar_lugonu_corruption
Snake:1:  layout_gridlike, grunt_ministairs_2, nicolae_snake_omega
Snake:2:  layout_onion, st_stairs_7, minmay_shop_grove
Snake:3:  snake_pit_salamanders_mu, layout_rooms
Slime:1:  layout_slime_grid
Slime:2:  layout_slime_grid
Slime:3:  layout_slime_grid
Slime:4:  layout_slime_grid
Slime:5:  slime_pit_nicolae_trefoil
Orc:      st_orc_open, layout_caves, nicolae_slime_entry_slimehenge,
          serial_shops, shop
Vaults:1: nicolae_vaults_little_ls, vaults_room_fancy_cross,
          hangedman_vaults_stitches, vaults_mumra_minichess_inversion,
          nicolae_vaults_branching_niches, ontoclasm_vaults_hangar,
          nicolae_vaults_triangles, v_misc_1, hangedman_vaults_variations,
          nicolae_vaults_angled_halls, grunt_vaults_funnel,
          hangedman_vaults_impose, layout_vaults_omnibox, serial_shops, shop
Vaults:2: nicolae_vaults_disjoint_gnomons, dpeg_vaults_waves,
          minmay_crypt_entry_simple_corners, ontoclasm_vaults_tryst,
          hangedman_vaults_impose, vaults_dpeg_ring,
          hangedman_vaults_restitches, grunt_vaults_bifocal, v_misc_25,
          vaults_dpeg_encased_lava, nicolae_vaults_mini_display_case,
          hangedman_vaults_maws, dpeg_vaults_monster_box,
          layout_vaults_omnicross, serial_shops, nicolae_shop_trees,
          shop_statue, shop, shop
Forest:1: layout_twisted_forest
Forest:2: layout_twisted_forest, wad_woods_road_03
Forest:3: grunt_forest_end_shrine, layout_twisted_forest, basic_altar
Crypt:1:  layout_basic, uniq_donald
Crypt:2:  church_of_pain_bobbens, layout_chaotic_city, tomb_entry_shell_bobbens,
          minmay_misc_feat_pillars
Depths:1: layout_cave_pools, abyss_entry_glasseish, serial_bayou_lagoon_a,
          ebering_ghost_disaster_area, lightli_too_deep, spider_trap,
          cheibriados_altar_1
Depths:2: due_chaos_kobolds, layout_basic, enter_ziggurat_d,
          hangedman_coc_ice_floe, chequers_serial_rivers_small_b, uniq_nikola
Depths:3: minmay_the_grid_octo_tiled_octocenter_mashed
          [minmay_the_grid_octo_focus, minmay_the_grid_octo_clover_2,
          minmay_the_grid_octo_fan_narrow, minmay_the_grid_octo_vomiting_pacman,
          minmay_the_grid_octo_prize_big_c, minmay_the_grid_square_5x5_n_small,
          minmay_the_grid_square_5x5_bite, minmay_the_grid_square_5x5_v,
          minmay_the_grid_square_5x5_spiral], layout_gridlike,
          rand_demon_pan_entry_7, hangedman_abyss_entry_splay, hell_entry,
          minmay_misc_feat_enclosed, st_stairs_3
Depths:4: minmay_heptahexagon, layout_honeycomb, grunt_hell_entry_dis_mu,
          abyss_entry, minmay_crystal_water, infiniplex_staircase_zigzag_4
Depths:5: grunt_zot_entry_pinwheel, layout_basic, roderic_three_in_a_row,
          pan_entry, hell_entry, serial_shops,
          nicolae_shop_temple_entry_statues_fountains, uniq_boris,
          uniq_enchantress
Zot:1:    lemuel_firehouse, layout_cathedral_of_symmetry
Zot:2:    layout_gridlike
Zot:3:    layout_misc_corridors
Zot:4:    layout_gridville, regret_index_zotdec_ex, uniq_xtahua
Zot:5:    layout_gridlike, grunt_ministairs_12

Table legend:
 A = Turns spent in this place as a percentage of turns spent in the entire game.
 B = Non-inter-level travel turns spent in this place as a percentage of non-inter-level travel turns spent in the entire game.
 C = Inter-level travel turns spent in this place as a percentage of turns spent in this place.
 D = Turns resting spent in this place as a percentage of non-inter-level travel turns spent in this place.
 E = Turns spent auto-exploring this place as a percentage of non-inter-level travel turns spent in this place.
 F = Non-inter-level travel turns spent in this place divided by the number of levels of this place that you've seen.
                   A       B       C       D       E      F
               +-------+-------+-------+-------+-------+----------------------
         Total | 100.0 | 100.0 |  10.8 |  22.5 |  51.9 | 1389.5
       Dungeon |  24.0 |  22.0 |  18.2 |  12.5 |  64.3 | 1225.2
          Lair |   9.8 |   9.6 |  12.4 |  10.8 |  73.3 | 1068.7
         Swamp |   4.8 |   5.2 |   2.8 |  14.1 |  61.2 | 1156.0
     Snake Pit |   8.8 |   9.2 |   6.7 |  29.9 |  43.8 | 2047.0
    Slime Pits |   3.6 |   3.9 |   4.7 |  57.6 |  12.3 | 518.4
  Orcish Mines |   1.8 |   1.6 |  20.2 |   9.9 |  60.5 | 1100.0
        Vaults |   7.0 |   6.4 |  18.5 |  15.1 |  59.0 | 2146.5
Spriggan Forest |   9.1 |   9.9 |   2.8 |   7.4 |  73.4 | 2194.0
         Crypt |   5.5 |   5.5 |   9.9 |  22.4 |  38.8 | 1843.5
        Depths |  17.6 |  17.8 |  10.1 |  28.4 |  45.1 | 2370.4
           Zot |   7.1 |   7.9 |   0.2 |  59.5 |   6.6 | 1051.8
         Sewer |   0.8 |   0.9 |   0.0 |  19.9 |  33.2 | 608.0
               +-------+-------+-------+-------+-------+----------------------

Table legend:
 A = Kills in this place as a percentage of kills in entire the game.
 B = Kills by you in this place as a percentage of kills by you in the entire game.
 C = Kills by friends in this place as a percentage of kills by friends in the entire game.
 D = Other kills in this place as a percentage of other kills in the entire game.
 E = Experience gained in this place as a percentage of experience gained in the entire game.
 F = Experience gained in this place divided by the number of levels of this place that you have seen.
                   A       B       C       D       E      F
               +-------+-------+-------+-------+-------+----------------------
         Total | 100.0 | 100.0 | 100.0 | 100.0 | 100.0 | 30131.0
       Dungeon |  20.2 |  20.1 |   0.0 |  23.8 |   4.5 | 5399.0
          Lair |   5.4 |   5.5 |   0.0 |   0.0 |   2.1 | 5005.0
         Swamp |   6.3 |   6.3 |   0.0 |  14.3 |   4.2 | 20271.0
     Snake Pit |   8.3 |   8.2 |   0.0 |  19.0 |   6.8 | 32843.3
    Slime Pits |   3.2 |   3.2 |   0.0 |   0.0 |   4.7 | 13492.0
  Orcish Mines |   3.0 |   3.0 |   0.0 |   4.8 |   1.0 | 14550.0
        Vaults |   8.8 |   8.9 |   0.0 |   0.0 |   9.5 | 68391.0
Spriggan Forest |   9.6 |   9.8 |   0.0 |   0.0 |   9.2 | 44551.7
         Crypt |   6.8 |   6.8 |  50.0 |   0.0 |   7.3 | 52598.5
        Depths |  17.9 |  17.8 |   0.0 |  28.6 |  29.4 | 84908.2
           Zot |   7.6 |   7.5 |  50.0 |   9.5 |  21.4 | 61923.8
         Sewer |   2.8 |   2.9 |   0.0 |   0.0 |   0.0 | 323.0
               +-------+-------+-------+-------+-------+----------------------
